 Dungeon Crawl Stone Soup version 0.32-a0-975-g85d4e5bfdb (webtiles) character file.

Game seed: 15314271170703621763

3089 Autsider the Slicer (level 9, -13/48 HPs)
             Began as a Vampire Enchanter on Apr 19, 2024.
             Killed from afar by a raiju (17 damage)
             ... with a living lightning
             ... on level 6 of the Dungeon.
             The game lasted 00:17:19 (5830 turns).

Autsider the Slicer (Vampire Enchanter)             Turns: 5830, Time: 00:17:20

Health: -13/48     AC:  0    Str:  5 (7)  XL:     9   Next: 59%
Magic:  13/15      EV: 22    Int: 17 (19) God:
Gold:   370        SH:  0    Dex: 20 (22) Spells: 9/17 levels left

rFire   . . .        h - melded +3 rapier (speed)
rCold   + + .        (shield currently unavailable)
rNeg    + + +        b - melded +0 robe
rPois   ∞            y - melded +0 helmet
rElec   .            z - melded +2 cloak
rCorr   .            (gloves currently unavailable)
SInv    +            i - melded +0 pair of boots
Will    .....        (no amulet)
Stlth   +++++++      u - melded +4 ring of protection
HPRegen 0.00/turn    v - melded +5 ring of evasion
MPRegen 0.14/turn

%: no passive effects
@: bat-form, flying, bloodless, inhibited regen, very quick
A: fast, flying, no casting, tiny, bloodless, fangs 3, see invisible, vampiric 2
a: Revivify, End Transformation


You were on level 6 of the Dungeon.
You were a vampire bat.
You visited 2 branches of the dungeon, and saw 8 of its levels.

You collected 370 gold pieces.

Inventory:

Hand Weapons
 a - a +1 dagger
 h - a +3 rapier of speed (melded)
Missiles
 t - 18 poisoned darts (quivered)
 E - 5 javelins
Armour
 b - a +0 robe (melded)
 i - a +0 pair of boots (melded)
 y - a +0 helmet (melded)
 z - a +2 cloak (melded)
Jewellery
 g - a ring of ice
 u - a +4 ring of protection (melded)
 v - a +5 ring of evasion (melded)
 B - a ring of poison resistance
 D - a ring of magical power
 G - a ring of protection from fire
Wands
 j - a wand of charming (14)
Scrolls
 f - a scroll of identify {@r1}
 m - 5 scrolls of teleportation
 n - a scroll of amnesia
 o - 2 scrolls of vulnerability
 p - a scroll of silence
 q - a scroll of blinking
 r - a scroll of revelation
 w - 3 scrolls of immolation
 x - a scroll of fear {unknown}
 F - a scroll of noise {unknown}
 H - a scroll of poison {unknown}
Potions
 c - 4 potions of invisibility
 d - 2 potions of heal wounds {@q2}
 e - 2 potions of might
 k - 2 potions of mutation {unknown}
 l - 2 potions of brilliance {unknown}
 s - a potion of curing {unknown}
 A - 2 potions of cancellation {unknown}
 C - a potion of attraction {unknown}


   Skills:
 + Level 2.0 Fighting
 + Level 10.3 Short Blades
 + Level 4.9 Dodging
 - Level 10.0 Stealth
 + Level 4.6 Spellcasting
 + Level 6.2 Hexes
 - Level 2.0 Ice Magic


You had 9 spell levels left.
You knew the following spells:

 Your Spells              Type           Power      Damage    Failure   Level
a - Ensorcelled Hibernat  Hex/Ice        34%        N/A       4%          2
b - Tukima's Dance        Hex            25%        N/A       3%          3
A - Confusing Touch       Hex            25%        N/A       3%          3

Your spell library contained the following spells:

 Spells                   Type           Power      Damage    Failure   Level
 Dazzling Flash           Conj/Hex       28%        N/A       12%         3
 Ozocubu's Armour         Ice            10%        N/A       21%         3
 Lesser Beckoning         Tloc           6%         N/A       22%         2
 Static Discharge         Conj/Air       6%         3-4/arc   22%         2
 Hailstorm                Conj/Ice       7%         3d5       30%         3
 Summon Ice Beast         Ice/Summ       7%         N/A       30%         3
 Fugue of the Fallen      Necr           3%         N/A       41%         3
 Maxwell's Portable Pile  Tloc           3%         2d(5-14)  41%         3
 Teleport Other           Tloc           3%         N/A       41%         3
 Airstrike                Air            1%         2d(1-17)  83%         4
 Summon Lightning Spire   Summ/Air       3%         N/A       83%         4
 Permafrost Eruption      Ice/Erth       3%         2x4d2     100%        6
 Sculpt Simulacrum        Ice/Alch       3%         N/A       100%        6
 Malign Gateway           Summ/Tloc      1%         N/A       100%        7
 Manifold Assault         Tloc           1%         N/A       100%        7
 Summon Horrible Things   Summ           1%         N/A       100%        8


Dungeon Overview and Level Annotations

Branches:
Dungeon (7/15)             Temple (1/1) D:6

Altars:
Ashenzari
Cheibriados
Fedhas
Gozag
Kikubaaqudgha
Makhleb
Nemelex Xobeh
Ru
Sif Muna
Trog
Uskayaw
Vehumet
Wu Jian
Yredelemnul

Shops:
D:4 [


Innate Abilities, Weirdness & Mutations

You are a vampire bat.
You are tiny and dextrous.
You move quickly.
You are flying.
You are immune to poison.
Your equipment is almost entirely melded.
You are incapable of wielding weapons or throwing items.
You cannot cast spells.
You do not regenerate when monsters are visible.
You are frail without blood (-20% HP).
You can heal yourself when you bite living creatures.
You are immune to poison.
You have razor-sharp teeth.
You have supernaturally acute eyesight. (SInv)
You are afflicted with vampirism and can become a bat while bloodless.


Message History

The raiju attacks as it pursues you! The raiju misses you.
The raiju attacks as it pursues you! The raiju closely misses you.
The raiju bursts into living lightning!
The living lightning misses you.
The raiju blinks!
Casting: Tukima's Dance (dangerous; 3% risk of failure)
Confirm with . or Enter, or press ? or * to list all spells.
Aiming: Tukima's Dance (dangerous; 3% risk of failure)
Press: ? - help, Shift-Dir - straight line, f - you
Okay, then.
This spell is dangerous to cast!
The raiju bursts into living lightning!
Your memorisation is interrupted.
The living lightning misses you.
The raiju blinks!
The raiju bursts into living lightning!
The living lightning hits you.
* * * LOW HITPOINT WARNING * * *
The raiju blinks! x2
There is an escape hatch in the ceiling here.
You hit the raiju.
The raiju is lightly wounded.
The raiju bites you.
* * * LOW HITPOINT WARNING * * *
The raiju shocks you!
* * * LOW HITPOINT WARNING * * *
Okay, then.
You turn into a vampire bat.
Your +3 rapier of speed melds into your body.
Your +2 cloak melds into your body.
Your +0 helmet melds into your body.
Your +0 pair of boots melds into your body.
Your +0 robe melds into your body.
Your +4 ring of protection melds into your body.
Your +5 ring of evasion melds into your body.
You feel weakened.
You feel dopey.
You feel clumsy. The raiju completely misses you. The raiju misses you.
A mysterious force pulls you upwards. The hatch slams shut behind you.
You see here a +0 pair of boots.
The raiju bursts into living lightning!
The living lightning hits you!
You die...

##### ##.....#.....## #...#
##.............## #...#
#...............# #...#
#####...............# #...#
#..##...............# #...#
#..##...............# #...##
#..##[h.............#
#....#####.##...............#
##.##...###.###.b.......(...##
...####..##.####...........##
.### ##......###...#......###
.# ###.....##.#.#>####...# .#
#.....#....#.# ###.#### .#
#.....#......# #..#>. .#
###...........## ##.... ##
##.............# #....
#######....#........## #....


You could see a raiju.

Vanquished Creatures
  Pikel (D:5)
  A raiju (D:7)
  2 steam dragons
  An ice beast (D:7)
  2 black bears
  A centaur (D:5)
  2 lemures (D:5)
  2 phantoms
  A bullfrog (D:6)
  5 scorpions
  2 wights (D:7)
  2 electric eels (D:7)
  3 bombardier beetles
  6 hounds
  4 jellies
  A sleepcap (D:6)
  Crazy Yiuf (D:4)
  4 iguanas
  2 orc wizards
  3 gnolls
  18 adders
  2 shadow imps
  2 ufetubi (D:5)
  7 dart slugs
  A ribbon worm (D:4)
  9 orcs
  8 ball pythons
  5 bats
  6 endoplasms
  2 giant cockroaches
  15 goblins
  14 hobgoblins
  10 jackals (D:1)
  3 kobolds
  2 quokkas
  A frilled lizard (D:1)
  9 rats
160 creatures vanquished.

Vanquished Creatures (collateral kills)
  A gnoll sergeant (D:5)
  2 wights (D:7)
  Terence (D:2)
  2 gnolls (D:4)
  An orc (D:5)
7 creatures vanquished.

Vanquished Creatures (others)
  5 dancing weapons
5 creatures vanquished.

Grand Total: 172 creatures vanquished

Notes
Turn   | Place    | Note
-------+----------+-------------------------------------------
     0 | D:1      | Autsider the Vampire Enchanter began the quest for the Orb.
     0 | D:1      | Reached XP level 1. HP: 13/13 MP: 3/3
    91 | D:1      | Reached XP level 2. HP: 15/19 MP: 5/5
    93 | D:1      | Reached skill level 5 in Stealth
   123 | D:1      | Reached skill level 5 in Hexes
   126 | D:1      | Learned a level 2 spell: Ensorcelled Hibernation
   347 | D:1      | Gained mutation: You are afflicted with vampirism and can
                  | become a bat while bloodless. [Vampire growth]
   347 | D:1      | Reached XP level 3. HP: 10/24 MP: 1/6
   967 | D:2      | Noticed Terence
  1035 | D:2      | Learned a level 3 spell: Tukima's Dance
  1040 | D:2      | Killed Terence
  1041 | D:2      | Reached XP level 4. HP: 28/30 MP: 3/7
  1244 | D:2      | Noticed a scorpion
  1263 | D:2      | Killed a scorpion
  1264 | D:2      | Reached XP level 5. HP: 35/35 MP: 3/8
  2142 | D:3      | Reached skill level 1 in Ice Magic
  2212 | D:3      | Learned a level 3 spell: Confusing Touch
  2385 | D:3      | Reached XP level 6. HP: 41/41 MP: 9/9
  2997 | D:4      | Found a burning altar of Makhleb.
  3006 | D:4      | Noticed an angel
  3006 | D:4      | Noticed a balrug
  3301 | D:4      | Found Yrphadih's Antique Armour Shop.
  3344 | D:4      | Reached skill level 5 in Short Blades
  3344 | D:4      | Reached XP level 7. HP: 46/46 MP: 11/11
  3414 | D:4      | Found a runed translucent door.
  3415 | D:4      | Noticed Crazy Yiuf
  3666 | D:4      | Killed Crazy Yiuf
  3708 | D:5      | Entered Level 5 of the Dungeon
  3772 | D:5      | Noticed Pikel
  3802 | D:5      | Killed Pikel
  3803 | D:5      | Reached XP level 8. HP: 52/52 MP: 0/14
  4354 | D:5      | Reached skill level 10 in Stealth
  4835 | D:6      | Found a staircase to the Ecumenical Temple.
  4880 | Temple   | Entered the Ecumenical Temple
  5018 | D:6      | Reached XP level 9. HP: 45/45 MP: 0/15
  5215 | D:6      | Reached skill level 10 in Short Blades
  5552 | D:7      | Reached skill level 1 in Fighting
  5830 | D:6      | Killed from afar by a raiju

Illustrated notes

Levels and vault maps discovered:
D:1:      onia_arrival_pentagram, layout_basic, solitary_fountain
D:2:      kennysheep_six_static_rooms, layout_basic, basic_altar, uniq_terence
D:3:      layout_loops_ring
D:4:      layout_loops_ring, grunt_temple_overflow_order_and_chaos_2,
          serial_shops, nicolae_shop_tiny_real_fake_doors,
          uniq_crazy_yiuf_cottage
D:5:      minmay_clustersquares, layout_loops_ring, uniq_pikel
D:6:      layout_rooms, minmay_temple_entry_trees
D:7:      layout_loops_corners, mainiacjoe_overflow_24_doors,
          serial_library_hellmonk_double_dead_end, nicolae_have_a_lightning_rod
Temple:   hellmonk_temple_two_chambers

Skill      XL: |  1  2  3  4  5  6  7  8  9 |
---------------+----------------------------+-----
Stealth        | 5 6 9 10 | 10.0
Hexes          | 5 6 |  6.2
Short Blades   | 2 3 4 5 6 9 10 | 10.3
Dodging        | 3 4 |  4.9
Ice Magic      | 1 2 |  2.0
Spellcasting   | 3 4 |  4.6
Fighting       | 2 |  2.0

Action                     |  1- 3 |  4- 6 |  7- 9 || total
---------------------------+-------+-------+-------++-------
  Melee: Dagger            |   118 |       |       ||   118
         Bite              |    10 |     6 |    31 ||    47
         Rapier            |     6 |   105 |   249 ||   360
  Throw: Dart              |       |     7 |     1 ||     8
   Cast: Ensorcelled Hiber |     4 |     6 |    14 ||    24
         Tukima's Dance    |     1 |     2 |    15 ||    18
Ability: Exsanguinate      |       |       |     1 ||     1
         Bat Form          |       |       |     1 ||     1
    Use: Scroll            |     2 |       |     8 ||    10
   Stab: Sleeping          |    12 |    24 |    21 ||    57
         Distracted        |       |       |     1 ||     1
 Armour: Robe              |    69 |    21 |    56 ||   146
         Skin              |       |       |     1 ||     1
  Dodge: Dodged            |    79 |    34 |   121 ||   234

Table legend: (Time is in decaauts)
 A = Elapsed time spent in this place.
 B = Non-inter-level travel time spent in this place.
 C = Inter-level travel time spent in this place.
 D = Time resting spent in this place.
 E = Time spent auto-exploring this place.
 F = Levels seen in this place.
 G = Mean time per level.
                   A        B        C        D        E       F      G
               +--------+--------+--------+--------+--------+-----+--------+
         Total |   5661 |   5421 |    240 |     42 |   4117 |   8 |  707.6 |
       Dungeon |   5659 |   5420 |    239 |     42 |   4117 |   7 |  808.4 |
        Temple |      1 |      0 |      1 |      0 |      0 |   1 |    1.0 |
               +--------+--------+--------+--------+--------+-----+--------+

Top non-repeatable levels by time:
     D:2: 1110 daAuts
     D:5: 1073 daAuts
     D:1: 944 daAuts
     D:4: 928 daAuts
     D:3: 670 daAuts
     D:6: 549 daAuts
     D:7: 382 daAuts
  Temple: 1 daAuts
